 Dungeon Crawl Stone Soup version 0.18.1-1-g2f07953 (webtiles) character file.

968 Svalin the Cleaver (level 8, -17/106 HPs)
             Began as a Hill Orc Berserker on May 7, 2016.
             Was a Priest of Trog.
             Demolished by Menkaure (19 damage)
             ... on level 5 of the Dungeon.
             The game lasted 00:10:15 (4135 turns).

Svalin the Cleaver (Hill Orc Berserker)             Turns: 4135, Time: 00:10:16

Health: -17/106    AC: 11    Str: 30    XL:     8   Next: 16%
Magic:  8/8        EV:  9    Int:  7    God:    Trog [***...]
Gold:   278        SH:  0    Dex: 12    Spells: 0 memorised, 7 levels left

rFire  . . .     SeeInvis .     a - +0 hand axe
rCold  + . .     Gourm    .     p - +0 chain mail
rNeg   . . .     Faith    .     (no shield)
rPois  .         Spirit   .     j - +0 helmet
rElec  .         Dismiss  .     (no cloak)
rCorr  .         Reflect  .     (no gloves)
SustAt .         Harm     .     (no boots)
MR     .....                    (no amulet)
Stlth  ..........               r - +5 ring of strength
                                f - ring of protection from cold

@: berserking, very quick, not resistant to hostile enchantments, extremely
unstealthy
A: no striking features
a: Berserk, Trog's Hand, Burn Spellbooks, Renounce Religion


You were on level 5 of the Dungeon.
You worshipped Trog.
Trog was most pleased with you.
You were not hungry.

You visited 1 branch of the dungeon, and saw 5 of its levels.

You collected 377 gold pieces.
You spent 99 gold pieces at shops.

Inventory:

Hand Weapons
 a - a +0 hand axe (weapon)
Armour
 j - a +0 helmet (worn)
 p - a +0 chain mail (worn)
Jewellery
 f - a ring of protection from cold (left hand)
 r - a +5 ring of strength (right hand)
Scrolls
 n - a scroll of enchant armour {unknown}
 q - a scroll of identify
 s - 2 scrolls of fog
Potions
 b - 2 potions of degeneration
 d - a potion of brilliance
 e - a potion of cure mutation
 h - a potion of lignification
 i - 2 potions of haste {unknown}
 k - a potion of beneficial mutation {unknown}
 l - 3 potions of curing
 o - 3 potions of heal wounds {unknown}
Comestibles
 c - a slice of pizza
 g - a meat ration
 m - 5 fruits
 t - 11 chunks of flesh


   Skills:
 + Level 6.4 Fighting
 + Level 9.4 Axes
 + Level 5.4 Armour
 - Level 1.5 Dodging


You had 7 spell levels left.
You didn't know any spells.

Dungeon Overview and Level Annotations

Branches:
Dungeon (5/15)             Temple (0/1) D:4

Altars:
Ashenzari
Qazlal
Ru
Trog

Shops:
D:4 [

Annotations:
D:5 Menkaure


Message History

You feel less exhausted. Menkaure hits you but does no damage.
A red film seems to cover your vision as you go berserk!
You feel yourself moving faster!
You feel mighty!
You feel somewhat more hungry.
Menkaure calls on the powers of darkness!
Your body is wracked with pain!
* * * LOW HITPOINT WARNING * * *
You hit Menkaure but do no damage. Menkaure barely misses you.
You barely miss Menkaure. Menkaure closely misses you.
You hit Menkaure.
Menkaure is lightly damaged.
You barely miss Menkaure.
Menkaure is lightly damaged.
Menkaure hits you!
* * * LOW HITPOINT WARNING * * *
You slash Menkaure!
Menkaure is heavily damaged.
Menkaure hits you!!
You die...

#....# .%. #....# #[..
#....### .... #.#
#......#..... #.#
#......#..... #.# .
#.M.......... #.# #.#
#§###........ #.#
#...###§# #M....... #.#
#..§§§# #@....... #.#
######§§###......?. ##.#
#....§§§....#...... #..#
#..........#[......
..####.)................
.....#..................
.###....................
####<#.....####.........
.....#.....####........


You could see Menkaure.

Vanquished Creatures
  Pikel (D:4)
  3 ogres
  A crimson imp (D:4)
  A hound (D:5)
  2 orc wizards
  2 worker ants
  Robin (D:4)
  3 adders
  A shadow imp (D:5)
  2 oozes
  An adder skeleton (D:3)
  2 worms
  5 giant geckos
  7 orcs
  8 bats
  A giant cockroach (D:3)
  16 goblins
  13 hobgoblins
  2 quokkas (D:5)
  A ball python (D:5)
  7 giant newts
  9 kobolds
  11 rats
100 creatures vanquished.

Notes
Turn   | Place    | Note
--------------------------------------------------------------
     0 | D:1      | Svalin the Hill Orc Berserker began the quest for the Orb.
     0 | D:1      | Reached XP level 1. HP: 19/19 MP: 1/1
   177 | D:1      | Reached XP level 2. HP: 24/26 MP: 2/2
   847 | D:1      | Reached skill level 5 in Axes
  1409 | D:2      | Reached XP level 3. HP: 31/31 MP: 3/3
  1626 | D:2      | Reached skill level 6 in Axes
  1863 | D:2      | Reached ** piety under Trog
  1863 | D:2      | Reached XP level 4. HP: 39/39 MP: 4/4
  1888 | D:2      | Found a shattered altar of Ashenzari.
  1962 | D:3      | Found a sacrificial altar of Ru.
  2056 | D:3      | Reached skill level 7 in Axes
  2386 | D:3      | Reached XP level 5. HP: 43/45 MP: 5/5
  2698 | D:3      | Found a stormy altar of Qazlal.
  3105 | D:4      | Found Omephe's Antique Armour Shop.
  3113 | D:4      | Bought a helmet for 99 gold pieces
  3144 | D:4      | Noticed an ogre
  3148 | D:4      | Noticed Pikel
  3150 | D:4      | Noticed a slave
  3150 | D:4      | Noticed a slave
  3152 | D:4      | Killed an ogre
  3152 | D:4      | Reached XP level 6. HP: 53/53 MP: 6/6
  3153 | D:4      | Noticed a slave
  3160 | D:4      | Killed Pikel
  3160 | D:4      | Reached skill level 5 in Fighting
  3160 | D:4      | Reached skill level 8 in Axes
  3160 | D:4      | Reached XP level 7. HP: 62/62 MP: 7/7
  3162 | D:4      | Found a staircase to the Ecumenical Temple.
  3458 | D:4      | Noticed Robin
  3458 | D:4      | Reached *** piety under Trog
  3461 | D:4      | Killed Robin
  3631 | D:4      | Noticed a moth of wrath
  3634 | D:4      | Found a bloodstained altar of Trog.
  3897 | D:5      | Entered Level 5 of the Dungeon
  3938 | D:5      | Reached skill level 9 in Axes
  3950 | D:5      | Reached skill level 5 in Armour
  3996 | D:5      | Reached XP level 8. HP: 53/70 MP: 8/8
  4107 | D:5      | Noticed Menkaure
  4134 | D:5      | HP: 2/106 [Menkaure (11)]
  4135 | D:5      | Demolished by Menkaure

Skill      XL: |  1  2  3  4  5  6  7 |
---------------+----------------------+-----
Axes           | 5 6 7 8 9 |  9.4
Fighting       | 4 5 6 |  6.4
Armour         | 3 4 5 |  5.4
Dodging        | |  1.5

Action                   |  1- 3 |  4- 6 |  7- 9 || total
-------------------------+-------+-------+-------++-------
Melee: Hand axe          |   145 |   167 |    86 ||   398
Invok: Berserk           |     2 |     2 |     4 ||     8
       Trog's Hand       |       |       |     1 ||     1
  Use: Scroll            |       |     4 |     6 ||    10
       Potion            |       |       |     1 ||     1
  Eat: Chunk             |     4 |     6 |     4 ||    14
       Bread ration      |       |       |     1 ||     1
Armor: Scale mail        |    90 |    27 |       ||   117
       Animal skin       |     1 |       |       ||     1
       Chain mail        |       |    35 |    34 ||    69
Dodge: Dodged            |    86 |    57 |    34 ||   177
